 Dungeon Crawl Stone Soup version 0.30.1 (webtiles) character file.

Game seed: 13879532113298005129

68 Sanktem7 the Covered (level 4, -2/40 HPs)
             Began as a Minotaur Fighter on July 7, 2023.
             Killed from afar by Sigmund (9 damage)
             ... with a magic dart
             ... on level 2 of the Dungeon.
             The game lasted 00:01:43 (1251 turns).

Sanktem7 the Covered (Minotaur Fighter)             Turns: 1251, Time: 00:01:43

Health: -2/40      AC:  7    Str: 23    XL:     4   Next: 1%
Magic:  3/3        EV:  8    Int:  5    God:
Gold:   144        SH:  0    Dex:  9    Spells: 3/3 levels left

rFire   . . .        a - +0 war axe {axe}
rCold   . . .        e - +0 kite shield
rNeg    . . .        b - +0 scale mail
rPois   .            (helmet restricted)
rElec   .            (no cloak)
rCorr   .            (no gloves)
SInv    .            (no boots)
Will    .....        (no amulet) Stlth
                     (no ring)
HPRegen 0.26/turn    (no ring)
MPRegen 0.08/turn

%: no passive effects
@: confused
A: horns 2, retaliatory headbutt
a: no special abilities


You were on level 2 of the Dungeon.
You visited 1 branch of the dungeon, and saw 2 of its levels.

You collected 144 gold pieces.


Innate Abilities, Weirdness & Mutations

You have a pair of horns on your head.
You reflexively headbutt those who attack you in melee.


   Skills:
 + Level 4.1 Fighting
 * Level 3.8 Axes
 + Level 4.2 Armour
 + Level 4.1 Shields


You had 3 spell levels left.
You didn't know any spells.
Your spell library contained the following spells:

 Spells                   Type           Power      Damage    Failure   Level
 Portal Projectile        Hex/Tloc       0%         N/A       100%        3
 Tukima's Dance           Hex            0%         N/A       100%        3
 Blade Hands              Tmut           0%         N/A       100%        5

Inventory:

Hand Weapons
 a - a +0 war axe (weapon) {axe}
Missiles
 f - 12 stones (quivered) {throwing}
Armour
 b - a +0 scale mail (worn)
 e - a +0 kite shield (worn)
   (You found it on level 1 of the Dungeon)
Wands
 m - a wand of roots (9)
   (You found it on level 2 of the Dungeon)
Scrolls
 c - a scroll of fog {unknown}
 g - a scroll of acquirement {unknown}
 j - 2 scrolls of identify {unknown}
 k - a scroll of fear {unknown}
 l - 2 scrolls of enchant weapon {unknown}
Potions
 d - a potion of might
 h - a potion of curing {unknown}
 i - a potion of invisibility {unknown}
 n - a potion of attraction {unknown}
 o - a potion of flight {unknown}
 p - a potion of degeneration {unknown}

Dungeon Overview and Level Annotations

Branches:
Dungeon (2/15) Zot: 10714

Altars:

Annotations:
D:2 Sigmund

#.#
#.#
#.#
#.#
#.#
#.#
#.#
#.#
#.#
#.# #
#.#
#.# .
#.# #
#.####
#..@.#
####{#
. #!#
. #.#
# #.#
#.#
#.#
#..
###
#####


There were no monsters in sight!


Message History

You block the ball python's attack. The ball python constricts you.
You closely miss the ball python.
The ball python bites you but does no damage.
The ball python constricts you.
The ball python bites you but does no damage.
The ball python constricts you.
You barely miss the ball python.
The ball python bites you but does no damage.
The ball python constricts you.
The ball python bites you but does no damage.
The ball python constricts you.
You slash the ball python!
You kill the ball python!
No target in view!
No target in view!
A hobgoblin comes into view.
The hobgoblin shouts! 😎 HP[+3]
Your hp is fully restored (33).
A hobgoblin is nearby!
The hobgoblin closely misses you. You furiously retaliate!
You headbutt the hobgoblin!
You kill the hobgoblin!
You have reached level 4!
You feel stronger. 😎 HP[+7] MP[+1]
You now have 40 max hp (+7).
Your hp is fully restored (40).
Your mp is fully restored (3).
Key pressed, stopping explore.
p - a black potion A rat comes into view.
A rat is nearby!
A rat is nearby!
You block the rat's attack.
You closely miss the rat. You headbutt the rat.
You kill the rat!
No target in view!
No target in view!
No target in view!
No target in view!
You see here a rat corpse.
You now have 133 gold pieces (gained 19).
f - 12 stones {throwing} (gained 5)
You now have 144 gold pieces (gained 11).
Key pressed, stopping explore.
Sigmund the Dreaded comes into view.
He is wielding a +0 scythe.
Sigmund shouts!
You block Sigmund's attack.
Sigmund points at you and mumbles some strange words.
You are confused.
You bump into the rock wall.
Sigmund closely misses you.
You closely miss Sigmund.
Sigmund hits you with a +0 scythe. 😕 HP[-4]
You take 4 damage, and now have 36/40 hp.
You closely miss Sigmund. Your headbutt misses Sigmund.
Sigmund gestures wildly while chanting.
Sigmund flickers and vanishes!
Deactivating autopickup; reactivate with Ctrl-A.
You hear some strange, mumbled words.
You are more confused. 😕 HP[+1]
You bump into the rock wall.
Something completely misses you.
You're too confused to move!
You're too confused to move!
A magic dart appears from out of thin air!
The magic dart hits you! 😮 HP[-9]
You take 9 damage, and now have 28/40 hp.
MASSIVE DAMAGE!! (PAUSE)
You bump into the rock wall.
You hear some strange, mumbled words.
You are more confused. 😮 HP[+1]
Something hits you! 😮 HP[-8]
You take 8 damage, and now have 21/40 hp.
Something hits you but does no damage.
You bump into the rock wall.
You hear some strange, mumbled words.
You are more confused. 😮 HP[+1]
You bump into the rock wall.
Something hits you.
* * * LOW HITPOINT WARNING * * *
😨 HP[-6]
You take 6 damage, and now have 16/40 hp.
Something hits you but does no damage.
You closely miss something.
Something hits you but does no damage. 😨 HP[+1]
You bump into the rock wall.
A magic dart appears from out of thin air!
The magic dart hits you!
* * * LOW HITPOINT WARNING * * *
Unknown command. 😱 HP[-11]
You take 11 damage, and now have 6/40 hp.
MASSIVE DAMAGE!! (PAUSE)
You hear some strange, mumbled words.
A magic dart appears from out of thin air!
The magic dart hits you!
You die...

Skill      XL: |  1  2  3 |
---------------+----------+-----
Axes           | 3 |  3.8
Armour         | 4 |  4.2
Shields        | 4 |  4.1
Fighting       | 4 |  4.1

Action                     |  1- 3 |  4- 6 || total
---------------------------+-------+-------++-------
  Melee: War axe           |    67 |     4 ||    71
         Headbutt          |    15 |     1 ||    16
 Armour: Scale mail        |    27 |     3 ||    30
  Dodge: Dodged            |    23 |     2 ||    25
  Block: Kite shield       |    31 |     2 ||    33
         Buckler           |     1 |       ||     1

Levels and vault maps discovered:
D:1:      wheals_arrival_shading, layout_loops_ring
D:2:      layout_loops_ring, uniq_sigmund

Notes
Turn   | Place    | Note
-------+----------+-------------------------------------------
     0 | D:1      | Sanktem7 the Minotaur Fighter began the quest for the Orb.
     0 | D:1      | Reached XP level 1. HP: 19/19 MP: 0/0
     0 | D:1      | magus.rc [v1.9.6]
   198 | D:1      | Reached XP level 2. HP: 20/27 MP: 1/1
   269 | D:1      | You pick up a book of Weapons and begin reading...
   269 | D:1      | You add the spells Tukima's Dance, Portal Projectile and
                  | Blade Hands to your library.
   402 | D:1      | Reached skill level 3 in Axes
   815 | D:2      | Reached skill level 4 in Armour
   817 | D:2      | Reached skill level 4 in Shields
   877 | D:2      | Reached XP level 3. HP: 33/33 MP: 2/2
   942 | D:2      | Reached skill level 4 in Fighting
  1126 | D:2      | Reached XP level 4. HP: 40/40 MP: 3/3
  1231 | D:2      | Noticed Sigmund
  1249 | D:2      | HP: 6/40 [something/magic dart (11)]
  1251 | D:2      | Killed from afar by Sigmund

Vanquished Creatures
  3 gnolls (D:2)
  3 dart slugs (D:1)
  2 endoplasms
  A giant cockroach (D:2)
  7 goblins
  A hobgoblin (D:2)
  4 quokkas
  4 ball pythons
  A bat (D:1)
  A frilled lizard (D:1)
  2 kobolds (D:1)
  3 rats
32 creatures vanquished.

Table legend:
 A = Non-vault XP
 B = Vault XP
 C = Vault XP percentage of total XP
 D = Non-vault monster count
 E = Vault monster count
 F = Vault count percentage of total count
                 A         B        C        D         E       F
            +---------+---------+-------+---------+---------+-------
      Total |      98 |       0 |   0.0 |      32 |       0 |   0.0
            +---------+---------+-------+---------+---------+-------
        D:1 |      35 |       0 |   0.0 |      17 |       0 |   0.0
        D:2 |      63 |       0 |   0.0 |      15 |       0 |   0.0
            +---------+---------+-------+---------+---------+-------

Skill      XL: |  1  2  3 |
---------------+----------+-----
Axes           | 3 |  3.8
Armour         | 4 |  4.2
Shields        | 4 |  4.1
Fighting       | 4 |  4.1

Action                     |  1- 3 |  4- 6 || total
---------------------------+-------+-------++-------
  Melee: War axe           |    67 |     4 ||    71
         Headbutt          |    15 |     1 ||    16
 Armour: Scale mail        |    27 |     3 ||    30
  Dodge: Dodged            |    23 |     2 ||    25
  Block: Kite shield       |    31 |     2 ||    33
         Buckler           |     1 |       ||     1

Illustrated notes

Table legend:
 A = Kills in this place as a percentage of kills in the entire game.
 B = Kills by you in this place as a percentage of kills by you in the entire game.
 C = Kills by friends in this place as a percentage of kills by friends in the entire game.
 D = Other kills in this place as a percentage of other kills in the entire game.
 E = Experience gained in this place as a percentage of experience gained in the entire game.
 F = Experience gained in this place divided by the number of levels of this place that you have seen.
                   A       B       C       D       E      F
               +-------+-------+-------+-------+-------+----------------------
         Total | 100.0 | 100.0 |   N/A |   N/A | 100.0 |  49.0
       Dungeon | 100.0 | 100.0 |   N/A |   N/A | 100.0 |  49.0
               +-------+-------+-------+-------+-------+----------------------

Table legend: (Time is in decaauts)
 A = Elapsed time spent in this place.
 B = Non-inter-level travel time spent in this place.
 C = Inter-level travel time spent in this place.
 D = Time resting spent in this place.
 E = Time spent auto-exploring this place.
 F = Levels seen in this place.
 G = Mean time per level.
                   A        B        C        D        E       F      G
               +--------+--------+--------+--------+--------+-----+--------+
         Total |   1284 |   1266 |     18 |      0 |   1023 |   2 |  642.0 |
       Dungeon |   1284 |   1266 |     18 |      0 |   1023 |   2 |  642.0 |
               +--------+--------+--------+--------+--------+-----+--------+

Top non-repeatable levels by time:
     D:1: 746 daAuts
     D:2: 537 daAuts
